 Dungeon Crawl Stone Soup version 0.30-a0-279-g4b46babb21 (webtiles) character file.

Game seed: 15291479557200073565

60 plokij the Slasher (level 3, -4/33 HPs)
             Began as a Minotaur Berserker on Oct 16, 2022.
             Was a Follower of Trog.
             Slain by a gnoll
             ... wielding a +0 spear
              (7 damage)
             ... on level 2 of the Dungeon.
             The game lasted 00:05:36 (1780 turns).

plokij the Slasher (Minotaur Berserker)             Turns: 1780, Time: 00:05:37

Health: -4/33      AC:  5    Str: 21    XL:     3   Next: 82%
Magic:  2/2        EV: 11    Int:  4    God:    Trog [*.....]
Gold:   151        SH:  0    Dex: 11    Spells: 2/2 levels left

rFire   . . .      SeeInvis .    a - +0 falchion
rCold   . . .      Faith    .    (no shield)
rNeg    . . .      Spirit   .    n - +0 ring mail
rPois   .          Reflect  .    (helmet restricted)
rElec   .          Harm     .    (no cloak)
rCorr   .          Rampage  .    (no gloves)
Will    .....                    (no boots)
Stlth   +.........               (no amulet)
HPRegen 0.25/turn                (no ring)
MPRegen 0.08/turn                (no ring)

@: no status effects
A: horns 2, retaliatory headbutt
a: Renounce Religion, Berserk


You were on level 2 of the Dungeon.
You worshipped Trog.
Trog was aware of your devotion.
You visited 1 branch of the dungeon, and saw 2 of its levels.

You collected 151 gold pieces.

Inventory:

Hand Weapons
 a - a +0 falchion (weapon)
 i - a +0 short sword of speed
Armour
 n - a +0 ring mail (worn)
Magical Staves
 k - a staff of death
Jewellery
 c - a ring of protection from fire
Scrolls
 b - a scroll of amnesia {unknown}
 d - a scroll of acquirement {unknown}
 e - 6 scrolls of identify {unknown}
 m - a scroll of silence {unknown}
 o - a scroll of enchant weapon {unknown}
 q - a scroll of teleportation {unknown}
 r - a scroll of poison {unknown}
Potions
 f - a potion of might {unknown}
 g - 2 potions of haste {unknown}
 h - a potion of brilliance {unknown}
 j - 2 potions of resistance {unknown}
 l - a potion of ambrosia {unknown}
 p - a potion of mutation {unknown}


   Skills:
 + Level 4.2 Fighting
 * Level 4.8 Long Blades
 * Level 3.0 Armour
 + Level 2.5 Dodging


You had 2 spell levels left.
You didn't know any spells.
Your spell library contained the following spells:

 Spells                   Type           Power      Damage    Failure   Level
 Static Discharge         Conj/Air       0%         2-2/arc   80%         2
 Vhi's Electric Charge    Tloc/Air       0%         N/A       95%         3
 Arcjolt                  Conj/Air       0%         1d10      100%        5
 Lightning Bolt           Conj/Air       0%         1d11      100%        5
 Borgnjor's Revivificati  Necr           0%         N/A       100%        8
 Maxwell's Capacitive Co  Air            0%         ∞         100%        8
 Necromutation            Tmut/Necr      0%         N/A       100%        8
 Death's Door             Necr           0%         N/A       100%        9


Dungeon Overview and Level Annotations

Branches:
Dungeon (2/15)

Altars:

Shops:
D:2 [


Innate Abilities, Weirdness & Mutations

You have a pair of horns on your head.
You reflexively headbutt those who attack you in melee.


Message History

The gnoll is almost dead.
The gnoll hits you but does no damage. The gnoll barely misses you.
You hit the gnoll but do no damage. Your headbutt misses the gnoll.
The gnoll is almost dead.
The gnoll barely misses you. The gnoll hits you but does no damage.
You hit the gnoll.
You kill the gnoll!
Trog accepts your kill. The gnoll closely misses you.
The gnoll closely misses you.
The gnoll hits you from afar with a +0 spear.
* * * LOW HITPOINT WARNING * * *
Things that are here:
a +0 spear; a gnoll corpse You slash the gnoll!
The gnoll is almost dead.
The gnoll barely misses you. x2
You slash the gnoll!
You kill the gnoll!
Trog accepts your kill.
The gnoll hits you from afar with a +0 spear.
* * * LOW HITPOINT WARNING * * *
Your Armour skill increases to level 3!
The gnoll barely misses you.
Things that are here:
a +0 spear; a gnoll corpse You hit the gnoll.
The gnoll is moderately wounded.
The gnoll closely misses you.
You hit the gnoll.
The gnoll is heavily wounded.
The gnoll hits you but does no damage.
You hit the gnoll but do no damage.
The gnoll is heavily wounded.
The gnoll hits you with a +0 spear.
* * * LOW HITPOINT WARNING * * *
You barely miss the gnoll.
The gnoll is heavily wounded.
The gnoll hits you with a +0 spear!
You die...

#.......#
#.##
#.......#
#...
##.######
#### #.#
### #.#
#.. #.#
#.. #
##.# #..
#.####..#
###
#.g@)...#
#
######..#
# #..# #
#..# #
#..# ...#
.... $.#.


You could see a gnoll.

Vanquished Creatures
  2 gnolls (D:2)
  An adder (D:2)
  A worm (D:2)
  2 dart slugs
  2 bats (D:1)
  2 endoplasms
  6 goblins (D:1)
  A hobgoblin (D:1)
  A quokka (D:1)
  5 ball pythons
  A frilled lizard (D:2)
  2 kobolds (D:1)
  3 rats (D:2)
29 creatures vanquished.

Notes
Turn   | Place    | Note
-------+----------+-------------------------------------------
     0 | D:1      | plokij the Minotaur Berserker began the quest for the Orb.
     0 | D:1      | Reached XP level 1. HP: 19/19 MP: 0/0
    44 | D:1      | Found a faded altar of an unknown god.
   334 | D:1      | Reached XP level 2. HP: 19/27 MP: 1/1
  1108 | D:2      | Reached XP level 3. HP: 33/33 MP: 2/2
  1420 | D:2      | Found Bishul's Armour Boutique.
  1780 | D:2      | Slain by a gnoll

Illustrated notes

Levels and vault maps discovered:
D:1:      erik_arrival_orb_chamber, layout_basic,
          shapermc_ecumenical_altar_petra, st_stairs_4
D:2:      layout_basic, serial_shops, nicolae_shop_waterfront

Skill      XL: |  1  2  3 |
---------------+----------+-----
Long Blades    | 4 |  4.8
Fighting       | 4 |  4.2
Armour         | 3 |  3.0
Dodging        | |  2.5

Action                   || total
-------------------------++-------
Melee: Falchion          ||    75
       Headbutt          ||    10
       Punch             ||     1
Invok: Berserk           ||     1
Armor: Animal skin       ||    11
       Ring mail         ||    13
Dodge: Dodged            ||    49

Table legend: (Time is in decaauts)
 A = Elapsed time spent in this place.
 B = Non-inter-level travel time spent in this place.
 C = Inter-level travel time spent in this place.
 D = Time resting spent in this place.
 E = Time spent auto-exploring this place.
 F = Levels seen in this place.
 G = Mean time per level.
                   A        B        C        D        E       F      G
               +--------+--------+--------+--------+--------+-----+--------+
         Total |   1797 |   1488 |    309 |     36 |   1194 |   2 |  898.5 |
       Dungeon |   1797 |   1488 |    309 |     36 |   1194 |   2 |  898.5 |
               +--------+--------+--------+--------+--------+-----+--------+

Top non-repeatable levels by time:
     D:1: 1076 daAuts
     D:2: 721 daAuts
